 Dungeon Crawl Stone Soup version 0.24.1-14-gf8d2b509d9 (webtiles) character file.

Game seed: 369106370191115412, levelgen mode: deterministic

72 Gabide the Skirmisher (level 4, 0/35 HPs)
             Began as a Mummy Fighter on May 26, 2020.
             Shot with an arrow by a centaur (5 damage)
             ... on level 3 of the Dungeon.
             The game lasted 00:03:11 (1437 turns).

Gabide the Skirmisher (Mummy Fighter)               Turns: 1437, Time: 00:03:12

Health: 0/35       AC: 10    Str: 20    XL:     4   Next: 6%
Magic:  4/4        EV:  8    Int:  7    God:
Gold:   105        SH:  9    Dex: 11    Spells: 3/3 levels left

rFire    x . .     SeeInvis .   a - +0 long sword
rCold    + . .     Gourm    .   c - +0 shield
rNeg     + + +     Faith    .   d - +0 ring mail
rPois    ∞         Spirit   .   (no helmet)
rElec    .         Reflect  .   e - +0 cloak
rCorr    .         Harm     .   (no gloves)
MR       .....                  (no boots)
Stlth    +.........             (no amulet)
HPRegen  0.11/turn              g - +4 ring of protection
MPRegen  0.09/turn              (no ring)

@: no status effects
A: no food or potions, fire vulnerability, cold resistance 1, negative energy
resistance 3, torment resistance, unbreathing
a: no special abilities


You were on level 3 of the Dungeon.
You were not hungry.

You visited 1 branch of the dungeon, and saw 3 of its levels.

You collected 105 gold pieces.

Inventory:

Hand Weapons
 a - a +0 long sword (weapon)
Armour
 b - a +0 scale mail
 c - a +0 shield (worn)
 d - a +0 ring mail (worn)
 e - a +0 cloak (worn)
Jewellery
 g - a +4 ring of protection (left hand)
Scrolls
 f - a scroll of remove curse {unknown}


   Skills:
 * Level 3.4 Fighting
 + Level 2.0 Long Blades
 + Level 2.9 Armour
 * Level 1.2 Dodging
 + Level 0.2 Stealth
 + Level 2.7 Shields


You had 3 spell levels left.
You didn't know any spells.
Your spell library was empty.

Dungeon Overview and Level Annotations

Branches:
Dungeon (3/15)

Altars:


Innate Abilities, Weirdness & Mutations

You do not eat or drink.
Your flesh is vulnerable to fire.
You are immune to poison.
Your flesh is cold resistant. (rC+)
You are immune to negative energy. (rN+++)
You are immune to unholy pain and torment.
You can survive without breathing.


Message History

The kobold hits you but does no damage.
You hear a shout!
You closely miss the kobold.
The centaur shoots an arrow.
The arrow closely misses you. You block the kobold's attack.
The kobold barely misses you.
You riposte.
You hit the kobold.
The kobold is severely wounded.
You barely miss the kobold.
The kobold is severely wounded.
The centaur shoots an arrow.
The arrow hits you! You block the kobold's attack.
The centaur shoots an arrow.
The arrow barely misses you.
You hit the kobold.
You kill the kobold!
The centaur shoots an arrow.
The arrow hits you.
The centaur shoots an arrow.
The arrow hits you!
* * * LOW HITPOINT WARNING * * *
You see here an arrow.
The centaur shoots an arrow.
You block the arrow.
You see here an arrow.
The centaur shoots an arrow.
The arrow hits you.
You die...

#.......... #.........
#........# ###
#........####....#
.......$.......?..
#..wc####....#
####(........#
#()....?..# #
########### #@.....###
.# #.........#
###......######.#
##'#######.#
#...............#
#...##...#.#
#.#########...####c#
#...##.#.#.#
#.##....(((.(......#
#....#.#.#.#
#.##†######...######
#....#.#.#.#
#.##..%..######
#....#.#.#.###.######.#
#....#.#.#....†...# #.#


You could see a centaur and a worm.

Vanquished Creatures
  An adder (D:2)
  An ooze (D:1)
  A worm (D:3)
  2 dart slugs
  2 leopard geckos (D:1)
  A ball python (D:1)
  A giant cockroach (D:3)
  10 goblins
  10 hobgoblins
  7 kobolds
  A bat (D:2)
  3 frilled lizards
  4 rats
44 creatures vanquished.

Notes
Turn   | Place    | Note
-------+----------+-------------------------------------------
     0 | D:1      | Gabide the Mummy Fighter began the quest for the Orb.
     0 | D:1      | Reached XP level 1. HP: 18/18 MP: 1/1
   111 | D:1      | Reached XP level 2. HP: 21/24 MP: 2/2
   262 | D:1      | Reached skill level 1 in Dodging
   343 | D:1      | Reached XP level 3. HP: 29/29 MP: 3/3
  1042 | D:3      | Noticed a centaur
  1423 | D:3      | Reached XP level 4. HP: 35/35 MP: 4/4
  1437 | D:3      | Shot with an arrow by a centaur

Levels and vault maps discovered:
D:1:      elethiomel_arrival_shortcut, layout_basic
D:2:      layout_rooms, first_ration
D:3:      layout_basic, uniq_crazy_yiuf_cottage

Skill      XL: |  1  2  3 |
---------------+----------+-----
Dodging        | 1 |  1.2
Long Blades    | 2 |  2.0
Fighting       | |  3.4
Armour         | |  2.9
Stealth        | |  0.2
Shields        | |  2.7

Action                   |  1- 3 |  4- 6 || total
-------------------------+-------+-------++-------
Melee: Long sword        |   121 |     8 ||   129
  Use: Scroll            |     4 |       ||     4
Armor: Scale mail        |     4 |       ||     4
       Ring mail         |    46 |     2 ||    48
Dodge: Dodged            |    33 |     7 ||    40
Block: Shield            |    61 |     5 ||    66
       Rpst.: Long sword |    13 |     2 ||    15
